Map: Terrasses de Prion

Players

pupu - Winner!

  • Race: Protoss Protoss
  • League: Silver

EisTee

  • Race: Terran Terran
  • League: Silver

VOD

Have the link to the VOD?

Description

Time

  • Played on: April 13, 2016, 11:47 a.m.
  • Length: 12:51
Show
View Real Time Build Order
Export as new Build Order

pupu Protoss - Winner!

Build Orders: Oracle Opening 

Get SALT Encoding   

  12  0:01  Probe (Chrono Boost)  
  13  0:12  Probe (Chrono Boost)  
  14  0:18  Pylon  
  14  0:22  Probe (Chrono Boost)  
  15  0:37  Probe (Chrono Boost)  
  15  0:38  Gateway  
  16  0:45  Assimilator  
  16  0:47  Probe (Chrono Boost)  
  17  0:57  Assimilator  
  17  0:58  Probe (Chrono Boost)  
  18  1:08  Probe (Chrono Boost)  
  19  1:20  Probe (Chrono Boost)  
  19  1:25  Gateway  
  20  1:30  Probe (Chrono Boost)  
  21  1:36  Pylon  
  21  1:41  Probe (Chrono Boost)  
  22  1:51  Probe (Chrono Boost)  
  23  1:55  Pylon  
  23  2:07  Probe (Chrono Boost)  
  24  2:21  Cybernetics Core  
  24  2:24  Zealot x2  
  28  2:48  Probe (Chrono Boost)  
  29  2:58  Nexus  
  29  2:59  Stargate  
  29  3:11  Probe (Chrono Boost)  
  30  3:15  Warp Gate (Chrono Boost)  
  30  3:19  Adept x2  
  34  3:27  Twilight Council  
  34  3:34  Gateway  
  34  3:36  Probe, Pylon  
  35  3:45  Oracle (Chrono Boost)  
  38  3:49  Probe  
  39  4:01  Probe  
  40  4:10  Probe  
  40  4:13  Probe  
  42  4:21  Oracle (Chrono Boost)  
  45  4:27  Probe  
  46  4:36  Nexus  
  46  4:42  Pylon  
  46  4:50  Charge  
  48  5:00  Phoenix (Chrono Boost)  
  48  5:02  Probe  
  49  5:10  Pylon, Mothership Core  
  49  5:13  Probe  
  52  5:23  Probe  
  50  5:55  Probe  
  50  5:57  Probe  
  52  6:06  Probe  
  52  6:09  Probe x2  
  55  6:16  Probe  
  56  6:21  Probe  
  57  6:25  Gateway  
  57  6:27  Gateway x2  
  57  6:28  Gateway  
  57  6:30  Pylon  
  57  6:31  Pylon  
  57  6:33  Probe x2, Pylon  
  57  6:34  Probe  
  60  6:42  Assimilator  
  60  6:43  Probe, Void Ray (Chrono Boost)  
  60  6:44  Resonating Glaives, Assimilator  
  60  6:46  Probe  
  66  6:50  Zealot x3  
  66  6:54  Probe  
  73  7:04  Probe  
  74  7:11  Zealot x3  
  80  7:19  Gateway  
  80  7:21  Gateway  
  80  7:23  Gateway  
  80  7:25  Void Ray (Chrono Boost), Pylon  
  80  7:27  Pylon  
  84  7:30  Pylon  
  84  7:32  Forge  
  84  7:34  Forge  
  84  7:35  Zealot x3  
  90  7:40  Stalker x3  
  90  7:41  Stalker  
  98  7:58  Zealot x3  
  102  8:02  Void Ray (Chrono Boost)  
  108  8:08  Probe x2  
  108  8:09  Probe  
  111  8:14  Zealot x4  
  119  8:26  Protoss Ground Weapons Level 1, Protoss Ground Armor Level 1  
  119  8:30  Protoss Air Weapons Level 1  
  119  8:40  Void Ray (Chrono Boost)  
  123  8:54  Zealot  
  122  8:56  Zealot x4  
  122  8:57  Zealot x5  
  68  9:45  Zealot x4  
  60  9:46  Zealot x6  
  74  10:09  Zealot x4  
  74  10:10  Zealot x6  
  94  10:32  Zealot  
  94  10:33  Zealot x8  
  94  10:34  Zealot  
  76  11:02  Zealot x6  
  76  11:03  Zealot x4  
  94  11:05  Probe x2  
  94  11:06  Probe  
  96  11:39  Zealot x3, Nexus  
  102  11:40  Zealot x7  
  116  12:00  Zealot x3  
  116  12:01  Zealot x6  
  126  12:02  Zealot  
  136  12:13  Pylon  
  136  12:17  Pylon  
  136  12:18  Pylon  
Show
View Real Time Build Order
Export as new Build Order

EisTee Terran 

Build Orders: Command Center First (CC), MMM Bio 

Get SALT Encoding   

  12  0:02  SCV  
  13  0:14  SCV  
  13  0:17  Supply Depot  
  14  0:30  SCV  
  15  0:42  SCV  
  16  0:54  SCV  
  17  1:02  Command Center  
  17  1:06  SCV  
  18  1:19  Barracks  
  18  1:38  Engineering Bay, Barracks  
  18  1:54  SCV  
  18  1:55  Refinery  
  18  1:56  Refinery  
  19  2:07  Orbital Command  
  19  2:16  Marine  
  20  2:30  Marine  
  20  2:34  Marine  
  20  2:35  Orbital Command  
  22  2:39  SCV  
  23  2:49  Marine  
  24  2:51  SCV  
  24  2:52  Marine  
  26  3:08  SCV  
  26  3:11  SCV  
  28  3:19  Barracks Tech Lab  
  29  3:21  Barracks Reactor, SCV  
  29  3:23  SCV  
  30  3:29  Supply Depot  
  30  3:33  SCV  
  31  3:35  SCV  
  31  3:36  Barracks  
  31  3:37  Barracks  
  31  3:41  Marine  
  33  3:42  Stimpack  
  33  3:47  SCV  
  34  3:49  Factory  
  34  3:58  Supply Depot  
  34  3:59  SCV  
  34  4:01  Marine  
  34  4:02  Marine  
  37  4:04  Marauder  
  40  4:10  SCV  
  40  4:12  SCV  
  40  4:15  Refinery  
  41  4:18  Refinery  
  41  4:22  SCV  
  42  4:24  SCV  
  42  4:28  Marine x2  
  45  4:34  SCV  
  45  4:36  SCV  
  47  4:40  Supply Depot  
  47  4:42  Supply Depot  
  47  4:45  Barracks Tech Lab, Barracks Reactor  
  47  4:46  SCV  
  47  4:52  Factory Reactor  
  48  4:54  Starport  
  48  4:58  SCV x2  
  50  5:07  Engineering Bay  
  50  5:10  Engineering Bay, SCV x2  
  50  5:13  Combat Shields  
  52  5:17  Marauder x2  
  56  5:22  SCV  
  50  5:34  SCV  
  45  5:39  Marauder x2  
  45  5:40  Marine x4  
  48  5:43  Concussive Shells  
  44  5:54  Supply Depot  
  44  5:58  Marine x3  
  44  6:00  Missile Turret  
  44  6:03  Missile Turret  
  47  6:06  Missile Turret  
  47  6:08  Missile Turret  
  47  6:11  Missile Turret  
  47  6:12  SCV  
  48  6:24  Liberator x2, SCV  
  49  6:36  SCV  
  49  6:37  Terran Infantry Weapons Level 1, Terran Infantry Armor Level 1  
  49  6:38  Factory Tech Lab  
  52  6:44  Marine x4  
  52  6:45  Marine x2  
  62  6:48  SCV  
  63  7:01  Marine  
  63  7:02  Marine, Siege Tank  
  63  7:07  Command Center  
  68  7:16  Marauder x2  
  72  7:23  Medivac  
  72  7:24  Medivac  
  76  7:53  Medivac  
  76  7:54  Supply Depot  
  76  7:56  Supply Depot  
  76  7:57  Supply Depot  
  78  8:02  Armory  
  78  8:15  Siege Tank, Medivac  
  83  8:27  Command Center  
  83  8:45  Marauder x2, Marine  
  83  8:46  Marine x3  
  90  8:55  Orbital Command  
  90  8:57  SCV x2  
  92  9:03  Marine x4  
  92  9:06  Marine x2  
  92  9:09  SCV x2  
  99  9:21  Marine x4, SCV x2  
  99  9:24  Marine x2  
  72  9:33  SCV x2  
  73  9:39  Marine x2  
  69  9:52  Marine x2  
  71  9:53  Marine x2  
  71  9:54  Siege Tank  
  71  9:55  Medivac x2  
  71  9:56  Marine  
  71  9:57  Marine  
  81  10:10  Marine x4  
  85  10:14  Marine  
  85  10:15  Refinery  
  85  10:19  Terran Infantry Weapons Level 2, Terran Infantry Armor Level 2  
  85  10:21  Refinery, Command Center  
  86  10:25  Medivac x2  
  86  10:26  Siege Tank  
  86  10:27  Barracks  
  89  10:29  Barracks  
  89  10:30  Barracks x2  
  85  10:38  Liberator  
  70  10:55  Medivac  
  70  11:03  SCV x3  
  73  11:09  Liberator  
  73  11:15  SCV x2  
  73  11:16  SCV  
  76  11:18  Barracks Reactor  
  76  11:19  Barracks Reactor  
  76  11:20  Barracks Reactor  
  76  11:27  SCV x2  
  76  11:28  SCV  
  82  11:38  Marine  
  82  11:39  Marine x5, SCV  
  91  11:40  SCV x2  
  91  11:43  Barracks Tech Lab  
  91  11:50  Medivac  
  91  11:51  SCV  
  91  11:52  SCV  
  95  11:56  Marine  
  95  11:57  Marine x3  
  99  12:04  Marine  
  99  12:05  Marauder x3, Marine  
  99  12:06  Marine x4  
  111  12:14  Marine x4  
  115  12:16  Medivac  
  115  12:20  Medivac  
  119  12:27  Marauder  
Tags
 
Add a new tag
Caveats
  • Supply blocks, unpowered buildings, or Contaminate may cause inaccurate times.
  • Supply counts are checked every 10 seconds.